 Dungeon Crawl Stone Soup version 0.28-b1-70-g80dc712255 (webtiles) character file.

Game seed: 11719720176546307075

113 tizbic2 the Poker (level 4, -2/32 HPs)
             Began as a Merfolk Transmuter on Feb 4, 2022.
             Was a Believer of Ru.
             Slain by an adder (4 damage)
             ... on level 2 of the Dungeon.
             The game lasted 00:13:39 (3224 turns).

tizbic2 the Poker (Merfolk Transmuter)              Turns: 3224, Time: 00:13:40

Health: -2/32      AC:  5    Str: 10    XL:     4   Next: 96%
Magic:  7/7        EV: 10    Int: 12    God:    Ru [**....]
Gold:   70         SH: 10    Dex: 16    Spells: 4/7 levels left

rFire   . . .      SeeInvis .   h - +0 hand axe
rCold   . . .      Faith    .   j - +0 buckler
rNeg    + . .      Spirit   .   i - +0 ring mail
rPois   .          Reflect  +   (no helmet)
rElec   .          Harm     .   (no cloak)
rCorr   .          Rampage  .   (no gloves)
Will    +....                   (no boots)
Stlth   +.........              b - amulet of reflection
HPRegen 0.10/turn               d - ring of positive energy
MPRegen 0.10/turn               k - ring of willpower

@: lethally poisoned (-2 -> -9), hasted, very quick
A: hated by all, (nimble swimmer 2), mertail
a: Renounce Religion


You were on level 2 of the Dungeon.
You worshipped Ru.
Ru was pleased with you.
You visited 1 branch of the dungeon, and saw 3 of its levels.

You collected 70 gold pieces.

Inventory:

Hand Weapons
 h - a +0 hand axe (weapon)
 l - a +0 war axe
Armour
 a - a +1 robe
 i - a +0 ring mail (worn)
 j - a +0 buckler (worn)
Jewellery
 b - an amulet of reflection (around neck)
 d - a ring of positive energy (left hand)
 k - a ring of willpower (right hand)
Scrolls
 e - a scroll of amnesia {unknown}
 g - a scroll of acquirement {unknown}
Potions
 c - a potion of haste
 f - a potion of might {unknown}
 m - a potion of degeneration {unknown}


   Skills:
 - Level 1.1 Fighting
 + Level 3.9 Polearms
 - Level 2.6 Dodging
 * Level 2.5 Shields
 - Level 3.2 Unarmed Combat
 - Level 2.3 Spellcasting
 - Level 3.3 Transmutations


You had 4 spell levels left.
You knew the following spells:

 Your Spells              Type           Power      Damage    Failure   Level
a - Beastly Appendage     Tmut           18%        N/A       24%         1
b - Wereblood             Tmut           9%         N/A       36%         2

Your spell library contained the following spells:

 Spells                   Type           Power      Damage    Failure   Level
 Spider Form              Tmut/Pois      5%         N/A       82%         3
 Ice Form                 Ice/Tmut       5%         N/A       99%         4


Dungeon Overview and Level Annotations

Branches:
Dungeon (3/15)

Altars:
Cheibriados
Makhleb
Nemelex Xobeh
Ru
Yredelemnul

Annotations:
D:3 Grinder


Innate Abilities, Weirdness & Mutations

You are hated by all.
((You are very nimble when in or above water. (Stealth+, EV+, Speed+++)))
Your lower body shifts to a powerful aquatic tail in water.


Message History

The adder barely misses you. The adder bites you but does no damage.
You hit the adder.
The adder is heavily wounded.
You block the adder's attack.
You closely miss the adder.
The adder is heavily wounded.
You redirect the adder's attack!
The adder bites itself.
The adder bites you.
You focus your inner power and illuminate the adder in retribution!
You barely miss the adder.
The adder is heavily wounded.
The adder barely misses you. The adder closely misses you.
You barely miss the adder.
The adder is heavily wounded.
The adder bites you.
You are poisoned.
The adder poisons you!
You hit the adder.
The adder is severely wounded.
You feel sick. The adder bites you but does no damage.
The adder is stunned by your conviction and fails to attack.
You hit the adder but do no damage.
The adder is severely wounded.
You feel sick.
The adder stops glowing.
The adder bites you.
* * * LOW HITPOINT WARNING * * *
You are more poisoned.
The adder poisons you! You block the adder's attack.
You closely miss the adder.
The adder is severely wounded.
* * * LOW HITPOINT WARNING * * *
You feel sick. The adder bites you.
* * * LOW HITPOINT WARNING * * *
You are more poisoned.
The adder poisons you!
You focus your inner power and illuminate the adder in retribution!
The adder barely misses you.
You feel yourself speed up.
* * * LOW HITPOINT WARNING * * *
You feel sick. The adder bites you.
You die...

♣♣♣♣♣ ♣...♣♣♣♣ ♣♣♣.♣♣
♣♣...♣♣♣♣♣♣♣♣♣♣♣...♣♣
♣♣♣..♣♣
...♣♣...♣♣..........♣
♣♣♣..♣♣♣
♣♣♣♣♣♣♣....♣♣♣♣♣♣♣..♣♣♣..♣♣♣
♣ ♣♣♣♣♣♣ ♣♣....♣♣♣ ♣♣♣♣♣♣
### ### ###.# #### #.#
##############..#.
#..######.#
#@S............###
..........#
#†##.#########.[#.
##.######## #.##.# #.#.# #.#
#.##.# #.#.# #.#########
#.##.# #.#.# #.........#
#.##.#########.#..
##########.#
#.##.............. ...# #.#
#.###.#####....... ...#
#.#####.###.# #.######


You could see an adder (corona).

Vanquished Creatures
  Natasha (twice) (D:2)
  3 adders (D:2)
  A worm (D:2)
  An orc (D:2)
  A giant cockroach (D:2)
  5 goblins
  4 hobgoblins (D:1)
  A kobold (D:2)
  A quokka (D:2)
  5 ball pythons
  4 bats (D:1)
  5 frilled lizards
  3 rats
36 creatures vanquished.

Notes
Turn   | Place    | Note
-------+----------+-------------------------------------------
     0 | D:1      | tizbic2 the Merfolk Transmuter began the quest for the Orb.
     0 | D:1      | Reached XP level 1. HP: 15/15 MP: 3/3
   242 | D:1      | Reached skill level 1 in Polearms
   418 | D:1      | Reached XP level 2. HP: 18/21 MP: 3/5
   458 | D:1      | Learned a level 2 spell: Wereblood
   841 | D:2      | Noticed Natasha
  1174 | D:2      | Reached XP level 3. HP: 26/26 MP: 6/6
  1650 | D:2      | Found a faded altar of an unknown god.
  1670 | D:2      | Prayed at the altar of an unknown god.
  1670 | D:2      | Became a worshipper of Ru the Awakened
  1681 | D:2      | Found a basalt altar of Yredelemnul.
  1683 | D:2      | Gained mutation: You are hated by all. [Ru sacrifice]
  1683 | D:2      | Reached * piety under Ru
  1683 | D:2      | Reached ** piety under Ru
  1726 | D:2      | Reached skill level 1 in Shields
  1848 | D:2      | Killed Natasha
  1849 | D:2      | Reached XP level 4. HP: 19/32 MP: 7/7
  2532 | D:2      | Noticed Natasha
  2542 | D:2      | Killed Natasha
  3138 | D:3      | Found a burning altar of Makhleb.
  3138 | D:3      | Found a snail-covered altar of Cheibriados.
  3138 | D:3      | Found a sparkling altar of Nemelex Xobeh.
  3139 | D:3      | Noticed Grinder
  3224 | D:2      | Slain by an adder

Illustrated notes

Levels and vault maps discovered:
D:1:      saegor_arrival_under_anarchy, layout_loops_ring, minmay_misc_feat_rows
D:2:      kb_forest_paths, layout_loops_ring, basic_altar,
          hellmonk_ecumenical_altar_lost_god, minmay_misc_feat_columns,
          uniq_natasha
D:3:      layout_rooms, chequers_temple_overflow_statue_of_worship, uniq_grinder

Skill      XL: |  1  2  3  4 |
---------------+-------------+-----
Polearms       | 1 2 3 |  3.9
Transmutations | 3 |  3.3
Shields        | 1 2 |  2.5
Fighting       | |  1.1
Dodging        | |  2.6
Unarmed Combat | |  3.2
Spellcasting   | |  2.3

Action                   |  1- 3 |  4- 6 || total
-------------------------+-------+-------++-------
Melee: Club              |    48 |       ||    48
       Unarmed           |    11 |       ||    11
       Headbutt          |     8 |     1 ||     9
       Punch             |     2 |       ||     2
       Hand axe          |    41 |    53 ||    94
 Cast: Beastly Appendage |    18 |     3 ||    21
       Wereblood         |     1 |       ||     1
Invok: Sacrifice Love    |     1 |       ||     1
  Use: Scroll            |     1 |       ||     1
       Potion            |     1 |     1 ||     2
 Stab: Sleeping          |     1 |       ||     1
Armor: Robe              |    25 |       ||    25
       Ring mail         |     7 |     9 ||    16
Dodge: Dodged            |    63 |    24 ||    87
Block: Other             |    20 |       ||    20
       Buckler           |    13 |    31 ||    44
